 Dungeon Crawl Stone Soup version 0.28.0 (webtiles) character file.

Game seed: 13678232287709347637

25 croobank the Firebug (level 2, 0/20 HPs)
             Began as a Draconian Fire Elementalist on Feb 13, 2022.
             Slain by a goblin (2 damage)
             ... on level 2 of the Dungeon.
             The game lasted 00:04:03 (922 turns).

croobank the Firebug (Draconian Fire Elementalist)   Turns: 922, Time: 00:04:05

Health: 0/20       AC:  4    Str: 10    XL:     2   Next: 82%
Magic:  5/5        EV: 12    Int: 15    God:
Gold:   60         SH:  5    Dex: 11    Spells: 2/5 levels left

rFire   . . .      SeeInvis .   e - +1 dagger (venom)
rCold   . . .      Faith    .   (no shield)
rNeg    . . .      Spirit   .   (armour unavailable)
rPois   .          Reflect  +   (helmet restricted)
rElec   .          Harm     .   (no cloak)
rCorr   .          Rampage  .   (no gloves)
Will    .....                   (no boots)
Stlth   ++........              d - amulet of reflection
HPRegen 0.06/turn               (no ring)
MPRegen 0.09/turn               (no ring)

@: no status effects
A: AC +4, unfitting armour, cold-blooded
a: no special abilities


You were on level 2 of the Dungeon.
You visited 1 branch of the dungeon, and saw 2 of its levels.

You collected 60 gold pieces.

Inventory:

Hand Weapons
 e - a +1 dagger of venom (weapon)
 j - a +0 falchion
Missiles
 c - 55 stones
Jewellery
 d - an amulet of reflection (around neck)
Scrolls
 h - 2 scrolls of enchant armour
Potions
 a - a potion of curing
 b - a potion of berserk rage {unknown}
 g - a potion of flight {unknown}
 i - a potion of haste {unknown}
 k - a potion of heal wounds {unknown}
 l - a potion of attraction {unknown}


   Skills:
 + Level 2.1 Dodging
 + Level 2.1 Stealth
 + Level 2.2 Spellcasting
 + Level 1.4 Conjurations
 + Level 3.2 Fire Magic


You had 2 spell levels left.
You knew the following spells:

 Your Spells              Type           Power      Damage    Failure   Level
a - Foxfire               Conj/Fire      32%        2x1d5     9%          1
b - Scorch                Fire           22%        2d6       9%          2

Your spell library contained the following spells:

 Spells                   Type           Power      Damage    Failure   Level
 Corpse Rot               Necr/Air       2%         N/A       32%         2
 Poisonous Vapours        Pois/Air       2%         N/A       32%         2
 Conjure Flame            Conj/Fire      8%         6-21      24%         3
 Inner Flame              Hex/Fire       6%         N/A       32%         3
 Flame Wave               Conj/Fire      8%         2d5       63%         4


Dungeon Overview and Level Annotations

Branches:
Dungeon (2/15)

Altars:

Annotations:
D:2 Ijyb


Innate Abilities, Weirdness & Mutations

Your plain brown scales are hard. (AC +4)
You cannot fit into any form of body armour.
You are cold-blooded and may be slowed by cold attacks.


Message History

The goblin wields a +0 club.
The goblin hits you with a +0 club.
* * * LOW HITPOINT WARNING * * *
You hit the goblin.
The goblin is poisoned.
The goblin is severely wounded.
The goblin hits you but does no damage.
A goblin comes into view. It is wielding a +0 club.
The goblin hits you with a +0 club.
* * * LOW HITPOINT WARNING * * *
You closely miss the goblin.
The goblin is severely wounded.
The goblin hits you but does no damage. The goblin closely misses you.
You closely miss the goblin.
The goblin is severely wounded.
The goblin barely misses you.
Ijyb the Twisted Goblin comes into view.
She is wielding a +0 club and carrying a wand of acid (10).
You block the goblin's attack.
As you read the scroll labelled QUNGU SETENU, it crumbles to dust.
Your body is wracked with pain!
* * * LOW HITPOINT WARNING * * *
The goblin convulses!
Ijyb convulses!
Ijyb shouts!
The goblin convulses!
It was a scroll of torment.
You block the goblin's attack.
Ijyb zaps a wand.
The bolt of acid misses you. You block the goblin's attack.
You hit the goblin.
You kill the goblin!
The goblin barely misses you.
You feel better. The goblin hits you with a +0 club.
You hit Ijyb but do no damage.
Ijyb is poisoned.
You tail-slap Ijyb, but do no damage.
Ijyb is heavily wounded.
Ijyb barely misses you. The goblin hits you with a +0 club.
You hit Ijyb.
Ijyb looks as sick as possible!
Ijyb is severely wounded.
Ijyb hits you with a +0 club.
* * * LOW HITPOINT WARNING * * *
The goblin hits you with a +0 club.
* * * LOW HITPOINT WARNING * * *
The goblin hits you with a +0 club.
You die...

#. #)# #..
### #)# ##
# #)# #
#.# #
#.#####..#
.
#.........
.
#..#####.
##g#####.#
#@......#
#gg....?#
#8.....8#
#.......#
#8.....8#
#.......#
#8.....8#
#.......#


You could see Ijyb (extremely poisoned) and 2 goblins.

Vanquished Creatures
  A dart slug (D:1)
  A ball python (D:1)
  3 endoplasms (D:1)
  7 goblins
  2 hobgoblins (D:2)
  3 bats
  A frilled lizard (D:2)
18 creatures vanquished.

Vanquished Creatures (others)
  11 foxfires (D:1)
11 creatures vanquished.

Grand Total: 29 creatures vanquished

Notes
Turn   | Place    | Note
-------+----------+-------------------------------------------
     0 | D:1      | croobank the Draconian Fire Elementalist began the quest
                  | for the Orb.
     0 | D:1      | Reached XP level 1. HP: 14/14 MP: 3/3
   185 | D:1      | Reached XP level 2. HP: 20/20 MP: 1/5
   188 | D:1      | Learned a level 2 spell: Scorch
   478 | D:1      | Found a faded altar of an unknown god.
   917 | D:2      | Noticed Ijyb
   922 | D:2      | Slain by a goblin

Illustrated notes

Levels and vault maps discovered:
D:1:      ebering_trefoil_3fold, layout_rooms, shapermc_ecumenical_altar_ellora,
          chequers_avenue, dk_noncrumbling_2
D:2:      kennysheep_the_goblin_king, layout_loops_ring

Skill      XL: |  1  2 |
---------------+-------+-----
Stealth        | 2 |  2.1
Dodging        | 2 |  2.1
Spellcasting   | |  2.2
Conjurations   | |  1.4
Fire Magic     | |  3.2

Action                   || total
-------------------------++-------
Melee: Unarmed           ||     2
       Dagger            ||    34
       Tailslap          ||     3
 Cast: Foxfire           ||     7
  Use: Scroll            ||     3
       Potion            ||     1
 Stab: Sleeping          ||     1
Armor: Skin              ||     9
Dodge: Dodged            ||    21
Block: Other             ||     5
       Reflection        ||     1
